 Dungeon Crawl Stone Soup version 0.24.0-5-g267a8d59f4 (webtiles) character file.

Game seed: 12470840973678446773, levelgen mode: classic

23 EnegeticOcto the Sneak (level 2, -2/24 HPs)
             Began as a Naga Air Elementalist on Nov 1, 2019.
             Slain by a jackal (3 damage)
             ... on level 1 of the Dungeon.
             The game lasted 00:01:20 (1262 turns).

EnegeticOcto the Sneak (Naga Air Elementalist)      Turns: 1262, Time: 00:01:21

Health: -2/24      AC:  1    Str: 10    XL:     2   Next: 95%
Magic:  3/5        EV: 10    Int: 15    God:
Gold:   43         SH:  0    Dex: 11    Spells: 4/5 levels left

rFire    . . .     SeeInvis +   o - +0 mace
rCold    . . .     Gourm    .   (no shield)
rNeg     . . .     Faith    .   a - +0 robe
rPois    +         Spirit   .   (no helmet)
rElec    .         Reflect  .   (no cloak)
rCorr    .         Harm     .   (no gloves)
MR       .....                  (no barding)
Stlth    +++.......             (no amulet)
HPRegen  0.08/turn              (no ring)
MPRegen  0.09/turn              (no ring)

@: flying, very slightly contaminated, very slow
A: large, see invisible, deformed body, poison resistance, slowness 2, slow
metabolism 1, spit poison 1, AC +0
a: Spit Poison


You were on level 1 of the Dungeon.
You were hungry.

You visited 1 branch of the dungeon, and saw 2 of its levels.

You collected 43 gold pieces.

Inventory:

Hand Weapons
 o - a +0 mace (weapon)
Armour
 a - a +0 robe (worn)
Jewellery
 l - a cursed -3 ring of strength {unknown}
Scrolls
 c - a scroll of fear {unknown}
 f - a scroll of identify {unknown}
 g - a scroll of amnesia {unknown}
 h - a scroll of remove curse {unknown}
 i - a scroll of enchant armour {unknown}
 n - a scroll of enchant weapon {unknown}
Potions
 b - a potion of curing {unknown}
 d - a potion of berserk rage {unknown}
 j - a potion of flight
 k - a potion of degeneration {unknown}
 m - a potion of resistance {unknown}
Comestibles
 e - 3 rations


   Skills:
 + Level 0.6 Fighting
 - Level 1.5 Dodging
 + Level 5.0 Stealth
 - Level 2.0 Spellcasting
 - Level 1.0 Conjurations
 - Level 3.0 Air Magic


You had 4 spell levels left.
You knew the following spells:

 Your Spells              Type           Power        Failure   Level  Hunger
a - Shock                 Conj/Air       #...         10%         1    #......

Your spell library contained the following spells:

 Spells                   Type           Power        Failure   Level  Hunger
 Swiftness                Chrm/Air       #.......     19%         2    ###....
 Static Discharge         Conj/Air       #.......     28%         3    ###....
 Airstrike                Air            ##........   54%         4    #####..
 Lightning Bolt           Conj/Air       #.........   95%         5    ######.


Dungeon Overview and Level Annotations

Branches:
Dungeon (2/15)

Altars:


Innate Abilities, Weirdness & Mutations

You cannot wear boots.
Your serpentine skin is tough. (AC +0)
You have supernaturally acute eyesight. (SInv)
Armour fits poorly on your strangely shaped body.
Your system is resistant to poisons. (rPois)
You cover ground very slowly.
You have a slow metabolism.
You can spit poison.


Message History

Aiming: Shock (safe; 10% risk of failure)
Press: ? - help, Shift-Dir - straight line, f/p - adder
Aim: an adder (almost dead)
The zap misses the adder.
The adder closely misses you.
Casting: Shock (safe; 10% risk of failure)
Confirm with . or Enter, or press ? or * to list all spells.
You don't have enough magic to cast that spell.
You hit the adder but do no damage.
The adder is almost dead.
The adder completely misses you. The adder bites you but does no damage.
You barely miss the adder.
The adder is almost dead.
You have got your breath back.
The adder barely misses you. x2
You miss the adder.
The adder is severely wounded.
The adder barely misses you. The adder closely misses you.
You miss the adder.
The adder is severely wounded.
The adder barely misses you. The adder completely misses you.
You sock the adder!
You kill the adder!
Your Stealth skill increases to level 5!
You start resting.
Your magical contamination has completely faded away.
You start resting.
You are feeling hungry.
There is a stone staircase leading down here.
Magic restored.
There is a stone staircase leading down here.
You start resting.
HP restored.
You climb downwards.
Found a falchion, a robe and 9 gold pieces.
Found a stone staircase leading up.
There is a stone staircase leading up here.
A jackal comes into view.
The jackal barks!
You hear an angry hiss.
A kobold comes into view. It is wielding a +0 dagger.
The jackal moves out of view.
A jackal comes into view.
Casting: Shock (safe; 10% risk of failure)
Confirm with . or Enter, or press ? or * to list all spells.
Aiming: Shock (safe; 10% risk of failure)
Press: ? - help, Shift-Dir - straight line, f - jackal
Aim: a jackal (hasn't noticed you)
The zap hits the jackal.
The jackal is heavily wounded.
The jackal barks!
The kobold shouts!
The jackal moves out of view.
There is a stone staircase leading up here.
There are monsters nearby!
Press: ? - help, Shift-Dir - straight line, f/p - jackal
Aim: a jackal (heavily wounded)
The splash of poison misses the jackal.
You feel slightly more hungry.
A jackal comes into view.
You have got your breath back.
The jackal bites you.
You closely miss the jackal.
The jackal is moderately wounded.
The jackal closely misses you.
The jackal bites you but does no damage.
The jackal barely misses you. The jackal bites you.
You climb upwards.
There is a stone staircase leading down here.
You closely miss the jackal.
The jackal is moderately wounded.
The jackal closely misses you. The jackal bites you. x2
The jackal closely misses you.
You miss the jackal.
The jackal is moderately wounded.
The jackal bites you. x3; The jackal closely misses you.
Casting: Shock (safe; 10% risk of failure)
Confirm with . or Enter, or press ? or * to list all spells.
Aiming: Shock (safe; 10% risk of failure)
Press: ? - help, Shift-Dir - straight line, f - jackal
Aim: a jackal You miscast Shock.
You are very lightly contaminated with residual magic.
You feel momentarily weightless. The jackal bites you. x2
* * * LOW HITPOINT WARNING * * *
The jackal barely misses you. The jackal bites you.
* * * LOW HITPOINT WARNING * * *
Casting: Shock (safe; 10% risk of failure)
Confirm with . or Enter, or press ? or * to list all spells.
Aiming: Shock (safe; 10% risk of failure)
Press: ? - help, Shift-Dir - straight line, f/p - jackal
Aim: a jackal The zap hits the jackal.
The jackal is heavily wounded.
The jackal barely misses you. The jackal bites you.
* * * LOW HITPOINT WARNING * * *
It was a potion of flight.
You feel very buoyant.
You fly up into the air.
The jackal bites you.
* * * LOW HITPOINT WARNING * * *
The jackal completely misses you. The jackal bites you.
* * * LOW HITPOINT WARNING * * *
The jackal bites you.
You die...

##.#######.....
##...###########
#..........# #
#....#####.# ###
#.#.## #.# #..
#.#[# #.# #.#
#.#.# #.# #.#
########.#.# #.#
#.# #....h@h...#
#.# #.#
#.######.### #.#
#.# #.# #.# #.#
#.# #.# #.# #.#
#.# #>######.#
#.# #.#
#...)....# #.#
#.# #######
#.######## #.#
#.#
......#####.#
#.# #.#
#####.#.....##
#.###.#


You could see 2 jackals.

Vanquished Creatures
  An adder (D:1)
  3 bats (D:1)
  A hobgoblin (D:1)
  4 jackals (D:1)
  A kobold (D:1)
  3 frilled lizards (D:1)
  A rat (D:1)
14 creatures vanquished.

Notes
Turn   | Place    | Note
-------+----------+-------------------------------------------
     0 | D:1      | EnegeticOcto the Naga Air Elementalist began the quest for
                  | the Orb.
     0 | D:1      | Reached XP level 1. HP: 15/15 MP: 3/3
   375 | D:1      | Reached skill level 4 in Stealth
   402 | D:1      | Reached XP level 2. HP: 22/22 MP: 1/5
  1133 | D:1      | Reached skill level 5 in Stealth
  1262 | D:1      | HP: 1/24 [jackal (2)]
  1262 | D:1      | Slain by a jackal

Levels and vault maps discovered:
D:1:      tarquinn_simple_flora_water_e, layout_loops_ring
D:2:      layout_rooms, xom_butterflies, uniq_terence, uniq_robin

Skill      XL: |  1  2 |
---------------+-------+-----
Stealth        | 4 5 |  5.0
Fighting       | |  0.6
Dodging        | |  1.5
Spellcasting   | |  2.0
Conjurations   | |  1.0
Air Magic      | |  3.0

Action                   || total
-------------------------++-------
Melee: Unarmed           ||    11
       Mace              ||     8
 Cast: Shock             ||    21
 Abil: Spit Poison       ||     2
  Use: Potion            ||     1
Armor: Robe              ||    11
Dodge: Dodged            ||    39
